[ AOE2 MATCH · #505071443 ]
UnrankedSicilians vs Wei
Player's team · LOSS
Rival team · WIN
[ REPLAY ANALYSIS · EXTRACTED FROM THE RECORDED GAME ]
Feudal
10:49
Castle
—
Imperial
—
| APM avg | 41.4 |
| APM peak | 87 |
| eAPM avg | 20.3 |
| Villagers / military | 43 / 14 |
Focus
⚔️ 28.7% · 🌾 71.3%
Archer ×7 · Serjeant ×7
Feudal
9:16
Castle
—
Imperial
—
| APM avg | 32.4 |
| APM peak | 75 |
| eAPM avg | 18.6 |
| Villagers / military | 41 / 15 |
Focus
⚔️ 21.8% · 🌾 78.2%
Archer ×13 · Spearman ×1 · Scout Cavalry ×1
Match map
Initial resources + every placement click. Lines = walls · curves = elevation contours. ◆ gold · ⬟ stone · ● berries · ✦ relic · ◌ wall gap
Your base· Open — unwalled flank
sloppyengnr's base· Open — 3t gap
Smoothed initial terrain · ◌ = detected wall gap · hover for details
Inputs per minute
— Fomersode - - sloppyengnr
Build order — Fomersode
119 actions detected in the replay
| 0:00 | Queue | Villager (Male) |
| 0:00 | Queue | Villager (Male) |
| 0:00 | Queue | Villager (Male) |
| 0:00 | Queue | Villager (Male) |
| 0:02 | Build | House |
| 0:03 | Build | House |
| 1:42 | Queue | Villager (Male) |
| 1:42 | Queue | Villager (Male) |
| 2:16 | Queue | Villager (Male) |
| 2:37 | Build | Lumber Camp |
| 3:07 | Queue | Villager (Male) |
| 3:07 | Queue | Villager (Male) |
| 3:07 | Queue | Villager (Male) |
| 3:50 | Queue | Villager (Male) |
| 3:50 | Queue | Villager (Male) |
| 4:10 | Build | House |
| 4:21 | Queue | Villager (Male) |
| 4:48 | Queue | Villager (Male) |
| 4:48 | Queue | Villager (Male) |
| 5:47 | Queue | Villager (Male) |
| 5:47 | Queue | Villager (Male) |
| 7:00 | Research | Loom |
| 7:07 | Build | Mill |
| 7:29 | Queue | Villager (Male) |
| 7:45 | Build | Mining Camp |
| 8:39 | Research | Feudal Age |
| 9:10 | Build | Donjon |
| 9:42 | Queue | Villager (Male) |
| 9:42 | Queue | Villager (Male) |
| 9:45 | Build | House |
| 9:50 | Build | House |
| 9:54 | Build | Palisade Wall |
| 9:54 | Build | Palisade Wall |
| 9:58 | Build | Palisade Wall |
| 10:27 | Queue | Villager (Male) |
| 10:29 | Queue | Villager (Male) |
| 10:29 | Queue | Villager (Male) |
| 10:44 | Build | Donjon |
| 10:49 | Age | Feudal Age |
| 10:50 | Build | Palisade Wall |
| 10:51 | Build | Palisade Wall |
| 10:52 | Build | Palisade Wall |
| 10:56 | Build | Palisade Wall |
| 11:14 | Build | Palisade Gate |
| 11:28 | Queue | Villager (Male) |
| 11:57 | Queue | Villager (Male) |
| 11:57 | Queue | Villager (Male) |
| 12:27 | Build | Donjon |
| 12:36 | Queue | Villager (Male) |
| 12:52 | Queue | Villager (Male) |
| 13:15 | Build | Donjon |
| 13:21 | Queue | Villager (Male) |
| 13:29 | Build | Mining Camp |
| 13:32 | Build | Mining Camp |
| 13:34 | Queue | Villager (Male) |
| 13:56 | Build | Mill |
| 14:01 | Queue | Villager (Male) |
| 14:01 | Queue | Villager (Male) |
| 14:19 | Build | House |
| 14:20 | Build | Palisade Wall |
| 14:22 | Build | Palisade Wall |
| 14:27 | Build | House |
| 14:31 | Build | Palisade Wall |
| 14:32 | Queue | Villager (Male) |
| 14:33 | Queue | Villager (Male) |
| 14:41 | Queue | Serjeant |
| 14:41 | Queue | Serjeant |
| 14:42 | Queue | Serjeant |
| 15:27 | Build | Archery Range |
| 15:44 | Build | Lumber Camp |
| 15:46 | Queue | Villager (Male) |
| 15:59 | Queue | Serjeant |
| 16:29 | Queue | Villager (Male) |
| 16:34 | Queue | Archer |
| 16:49 | Build | Farm |
| 16:49 | Build | Farm |
| 16:49 | Build | Farm |
| 16:50 | Build | Farm |
| 16:56 | Build | Farm |
| 16:59 | Build | Farm |
| 17:05 | Queue | Villager (Male) |
| 17:05 | Queue | Villager (Male) |
| 17:05 | Queue | Villager (Male) |
| 17:11 | Build | House |
| 17:15 | Build | Palisade Wall |
| 17:15 | Build | Palisade Wall |
| 17:16 | Build | Palisade Wall |
| 17:17 | Build | Palisade Wall |
| 17:33 | Queue | Archer |
| 17:33 | Queue | Archer |
| 18:05 | Build | Donjon |
| 18:07 | Queue | Villager (Male) |
| 18:07 | Queue | Villager (Male) |
| 18:18 | Queue | Villager (Male) |
| 18:19 | Queue | Villager (Male) |
| 18:20 | Build | Farm |
| 18:20 | Build | Farm |
| 18:21 | Build | Farm |
| 18:21 | Build | Farm |
| 18:24 | Build | Farm |
| 18:33 | Queue | Archer |
| 18:33 | Queue | Archer |
| 19:04 | Queue | Serjeant |
| 19:08 | Build | House |
| 19:09 | Build | House |
| 19:25 | Queue | Serjeant |
| 19:26 | Queue | Serjeant |
| 19:30 | Build | House |
| 19:31 | Build | House |
| 19:43 | Queue | Archer |
| 19:43 | Queue | Archer |
| 19:48 | Build | House |
| 19:48 | Build | House |
| 19:48 | Build | House |
| 19:49 | Build | House |
| 19:55 | Build | Farm |
| 19:56 | Build | Farm |
| 20:09 | Build | Donjon |
| 20:34 | Build | Lumber Camp |
Build order — sloppyengnr
114 actions detected in the replay
| 0:00 | Queue | Villager (Male) ×4 |
| 0:01 | Queue | Villager (Male) ×4 |
| 0:03 | Build | House |
| 0:04 | Build | House |
| 1:25 | Queue | Villager (Male) |
| 2:03 | Queue | Villager (Male) |
| 2:19 | Queue | Villager (Male) |
| 2:45 | Build | Mill |
| 2:55 | Queue | Villager (Male) |
| 3:00 | Build | House |
| 3:02 | Build | Palisade Wall |
| 3:03 | Build | Palisade Wall |
| 3:08 | Queue | Villager (Male) |
| 3:38 | Build | Palisade Wall |
| 3:40 | Queue | Villager (Male) |
| 3:42 | Queue | Villager (Male) |
| 3:55 | Queue | Villager (Male) |
| 4:21 | Build | Palisade Wall |
| 4:27 | Queue | Villager (Male) |
| 4:33 | Queue | Villager (Male) |
| 4:57 | Queue | Villager (Male) |
| 5:23 | Queue | Villager (Male) |
| 5:40 | Build | Lumber Camp |
| 5:46 | Research | Loom |
| 6:58 | Research | Feudal Age |
| 7:04 | Build | House |
| 7:57 | Build | House |
| 8:06 | Build | House |
| 8:08 | Build | House |
| 8:30 | Build | Barracks |
| 9:16 | Age | Feudal Age |
| 9:19 | Queue | Villager (Male) |
| 9:24 | Build | Stable |
| 9:24 | Queue | Spearman |
| 9:38 | Queue | Villager (Male) |
| 9:54 | Build | House |
| 9:58 | Research | Double-Bit Axe |
| 10:15 | Queue | Villager (Male) |
| 10:16 | Queue | Villager (Male) |
| 10:22 | Research | Horse Collar |
| 10:41 | Build | House |
| 10:45 | Build | Mill |
| 10:49 | Build | House |
| 11:04 | Build | Lumber Camp |
| 11:13 | Build | Farm |
| 11:22 | Queue | Villager (Male) |
| 11:27 | Build | Farm |
| 11:33 | Build | Farm |
| 11:39 | Build | House |
| 11:40 | Build | House |
| 11:46 | Queue | Villager (Male) |
| 12:15 | Queue | Villager (Male) |
| 12:21 | Build | Watch Tower |
| 12:36 | Queue | Villager (Male) |
| 12:44 | Build | Farm |
| 12:48 | Queue | Villager (Male) |
| 12:54 | Build | Farm |
| 12:55 | Build | Farm |
| 13:08 | Queue | Villager (Male) |
| 13:18 | Build | Mining Camp |
| 13:23 | Queue | Villager (Male) |
| 13:48 | Build | Farm |
| 13:50 | Build | Farm |
| 13:55 | Queue | Villager (Male) |
| 14:03 | Build | Archery Range |
| 14:10 | Build | Mining Camp |
| 14:27 | Queue | Villager (Male) |
| 14:32 | Research | Stone Mining |
| 14:36 | Research | Gold Mining |
| 14:39 | Queue | Villager (Male) |
| 14:50 | Build | Blacksmith |
| 14:53 | Queue | Villager (Male) |
| 14:56 | Queue | Archer |
| 15:10 | Queue | Scout Cavalry |
| 15:20 | Build | Farm |
| 15:23 | Build | Farm |
| 15:26 | Queue | Archer |
| 15:26 | Queue | Archer |
| 15:28 | Queue | Villager (Male) |
| 16:04 | Build | House |
| 16:04 | Build | House |
| 16:10 | Build | House |
| 16:11 | Queue | Archer |
| 16:25 | Build | Farm |
| 16:28 | Build | Farm |
| 16:28 | Queue | Villager (Male) |
| 16:50 | Queue | Archer |
| 16:54 | Queue | Villager (Male) |
| 16:55 | Build | House |
| 17:22 | Queue | Archer |
| 17:28 | Queue | Villager (Male) |
| 17:36 | Build | Archery Range |
| 17:43 | Build | House |
| 18:01 | Research | Fletching |
| 18:10 | Queue | Villager (Male) |
| 18:13 | Build | Market |
| 18:33 | Build | Farm |
| 18:35 | Queue | Archer |
| 19:12 | Research | Castle Age |
| 19:12 | Research | Castle Age |
| 19:22 | Queue | Archer |
| 19:22 | Queue | Archer |
| 19:26 | Research | Fletching |
| 19:49 | Build | Farm |
| 19:50 | Build | Farm |
| 19:52 | Build | Farm |
| 19:53 | Build | Farm |
| 19:54 | Build | Mill |
| 20:00 | Build | Mill |
| 20:04 | Queue | Archer |
| 20:04 | Queue | Archer |
| 20:37 | Queue | Villager (Male) |
| 20:38 | Queue | Archer |
| 20:38 | Queue | Archer |
Match timeline
| 3:02 | sloppyengnr · wall_segment Palisade Wall x1 |
| 3:03 | sloppyengnr · wall_segment Palisade Wall x1 |
| 3:38 | sloppyengnr · wall_segment Palisade Wall x1 |
| 4:21 | sloppyengnr · wall_segment Palisade Wall x4 |
| 8:30 | sloppyengnr · first_building Barracks |
| 9:10 | Fomersode · first_building Donjon |
| 9:16 | sloppyengnr · age_up feudal |
| 9:24 | sloppyengnr · first_building Stable |
| 9:54 | Fomersode · wall_segment Palisade Wall x1 |
| 9:54 | Fomersode · wall_segment Palisade Wall x1 |
| 9:58 | Fomersode · wall_segment Palisade Wall x1 |
| 10:49 | Fomersode · age_up feudal |
| 10:50 | Fomersode · wall_segment Palisade Wall x1 |
| 10:51 | Fomersode · wall_segment Palisade Wall x1 |
| 10:52 | Fomersode · wall_segment Palisade Wall x1 |
| 10:56 | Fomersode · wall_segment Palisade Wall x1 |
| 14:03 | sloppyengnr · first_building Archery Range |
| 14:20 | Fomersode · wall_segment Palisade Wall x4 |
| 14:22 | Fomersode · wall_segment Palisade Wall x1 |
| 14:31 | Fomersode · wall_segment Palisade Wall x1 |
| 15:27 | Fomersode · first_building Archery Range |
| 17:15 | Fomersode · wall_segment Palisade Wall x1 |
| 17:15 | Fomersode · wall_segment Palisade Wall x1 |
| 17:16 | Fomersode · wall_segment Palisade Wall x1 |
| 17:17 | Fomersode · wall_segment Palisade Wall x1 |
| 19:10 | sloppyengnr · first_market_buy 100 food |
| 20:58 | Fomersode · resign |
[ AI ANALYSIS · 1 CREDIT ]
What really happened in this match?
Wolo.gg analyzes every decision: build order, eco, micro, common mistakes by bracket. Personalized analysis on WhatsApp or Discord in 30 seconds.
Civ guide
Sicilians
Perfil
Jugador #20595923